 Dungeon Sprint DCSS version 0.29-a0-824-gd827844252 (webtiles) character file.

Game seed: 2205339025042197645

22589 Zeld the Executioner (level 12, -16/129 HPs)
             Began as a Minotaur Berserker on July 10, 2022.
             Was a High Priest of Trog.
             Killed from afar by a spriggan air mage (30 damage)
             ... with a bolt of lightning
             ... in the Dungeon (Sprint IX: "|||||||||||||||||||||||||||||").
             The game lasted 00:05:28 (3334 turns).

Zeld the Executioner (Minotaur Berserker)           Turns: 3334, Time: 00:05:30

Health: -16/129    AC: 10    Str: 30    XL:     12   Next: 64%
Magic:  11/11      EV: 20    Int:  7    God:    Trog [*****.]
Gold:   869        SH:  0    Dex: 13    Spells: 11/11 levels left

rFire   + + .      SeeInvis .   s - +9 executioner's axe of Qoahies {vorpal, rF+ rC++}
rCold   + + .      Faith    .   (shield currently unavailable)
rNeg    . . .      Spirit   .   w - +1 leather armour of the Stars {Harm Fly rF+ Str+3}
rPois   .          Reflect  .   (helmet restricted)
rElec   .          Harm     +   u - +0 cloak
rCorr   .          Rampage  .   (no gloves)
Will    .....      NoTele   +   k - +0 pair of boots
Stlth   +.........              (no amulet)
HPRegen 0.31/turn               m - +3 ring of dexterity
MPRegen 0.12/turn               l - +3 ring of intelligence

@: on berserk cooldown, flying, slowed, very slow
A: horns 2, retaliatory headbutt
a: Renounce Religion, Berserk, Trog's Hand, Brothers in Arms


You were in the Dungeon.
You worshipped Trog.
Trog was extremely pleased with you.
You visited 1 branch You collected 1936 gold pieces.
You spent 1067 gold pieces at shops.

Inventory:

Hand Weapons
 a - the +6 broad axe of Beqaxt {antimagic, *Rage rCorr Stlth+}
   (Trog gifted it to you in the Dungeon)

   It reduces the magical energy of the wielder, and disrupts the spells and
   magical abilities of those it strikes.
   Natural abilities and divine invocations are not affected.
   *Rage:     It berserks you when you make melee attacks (+20% chance).
   rCorr:     It protects you from acid and corrosion.
   Stlth:     It makes you more stealthy.
 b - the +7 lajatang of Order {silver, rMut}
   (You found it in the Dungeon)

   It inflicts extra damage upon those it strikes, and deals substantially
   increased damage to chaotic, mutated and magically transformed beings.
   rMut:      It protects you from mutation.
 s - the +9 executioner's axe of Qoahies (weapon) {vorpal, rF+ rC++}
   (Trog gifted it to you in the Dungeon)

   It inflicts extra damage upon your enemies.
   rF:        It protects you from fire.
   rC:        It greatly protects you from cold.
Armour
 k - a +0 pair of boots (worn)
 u - a +0 cloak (worn)
 w - the +1 leather armour of the Stars (worn) {Harm Fly rF+ Str+3}
   (You bought it in a shop in the Dungeon)

   Str:       It affects your strength (+3).
   rF:        It protects you from fire.
   Fly:       It grants you flight.
   Harm:      It increases damage dealt and taken.
Jewellery
 l - a +3 ring of intelligence (right hand)
 m - a +3 ring of dexterity (left hand)
 B - a ring of see invisible
 C - a ring of poison resistance
 D - a ring of ice
Wands
 j - a wand of light (10)
 A - a wand of flame (32)
Scrolls
 h - 2 scrolls of blinking
 p - 4 scrolls of fog
 q - 2 scrolls of enchant weapon
 r - 7 scrolls of identify
 v - 2 scrolls of fear
 x - 2 scrolls of enchant armour
 y - a scroll of poison
 z - a scroll of torment
Potions
 c - 8 potions of curing
 d - 7 potions of heal wounds
 e - a potion of haste
 f - 4 potions of magic
 g - 2 potions of berserk rage
 i - a potion of invisibility
 n - 2 potions of resistance
 o - a potion of might
 t - a potion of flight
 E - a potion of mutation


   Skills:
 + Level 18.9 Fighting
 * Level 22.8 Axes
 + Level 18.6 Armour
 + Level 17.4 Dodging


You had 11 spell levels left.
You didn't know any spells.
Your spell library contained the following spells:

 Spells                   Type           Power      Damage    Failure   Level
 Dispel Undead            Necr           0%         3d6       99%         4
 Borgnjor's Vile Clutch   Necr/Erth      0%         N/A       100%        5
 Lightning Bolt           Conj/Air       0%         1d11      100%        5
 Simulacrum               Ice/Necr       0%         N/A       100%        6


Dungeon Overview and Level Annotations

Branches:
Dungeon (1/1)

Altars:
Cheibriados
Dithmenos
Elyvilon
Fedhas
Gozag
Hepliaklqana
Kikubaaqudgha
Makhleb
Nemelex Xobeh
Okawaru
Qazlal
Ru
Sif Muna
Trog
Uskayaw
Vehumet
Wu Jian
Xom
Yredelemnul
Zin
The Shining One
Jiyva
Lugonu

Shops:
D *:[


Innate Abilities, Weirdness & Mutations

You have a pair of horns on your head.
You reflexively headbutt those who attack you in melee.


Message History

The centaur warrior kicks your troll but does no damage.
There is an open door to the Dungeon here.
Your troll bites the centaur warrior!!
The centaur warrior dies!
Trog accepts your kill.
The ettin hits your troll with a +0 dire flail!!
Your troll dies!
Your troll's corpse disappears in a puff of smoke!
Unknown command.
Your ogre goes berserk!
Your ogre hits the ettin with a +0 giant club!
Your ogre hits the ettin with a +0 giant club!!!
The ettin barely misses your ogre.
The ettin hits your ogre with a +0 dire flail!!
The ettin hits your ogre with a +0 dire flail!!!
Your ogre dies!
Your ogre's corpse disappears in a puff of smoke!
Your two-headed ogre goes berserk!
Trog will no longer gift you weapons.
You swap places.
The ettin hits your two-headed ogre with a +0 dire flail! x2
Your two-headed ogre hits the ettin with a +0 giant club!!
The ettin dies!
Trog accepts your kill.
Your two-headed ogre hits the adder simulacrum with a +0 giant club!!
The adder simulacrum vaporises!
Trog accepts your kill.
Trog will now gift you melee weapons as you gain piety.
The spriggan air mage waves its arms in wide circles.
The air twists around and strikes you!
* * * LOW HITPOINT WARNING * * *
You see here a potion of brilliance.
The spriggan air mage hits your two-headed ogre.
Your two-headed ogre is engulfed in freezing vapours.
Your two-headed ogre closely misses the spriggan air mage.
Your two-headed ogre hits the spriggan air mage with a +0 giant spiked club!
The spriggan air mage points at you and mumbles some strange words.
The bolt of lightning hits your two-headed ogre!!
The bolt of lightning hits you!!
You die...

▓▓▓▓▓▓▓▓▓▓▓▓▓▓▓▓▓▓▓▓▓▓▓▓▓▓▓▓▓▓▓▓▓
..)i))'..DiO...!@[)[[[[[[.))).)))
▓▓▓▓▓▓▓▓▓▓▓▓▓▓▓▓▓▓▓▓▓▓▓▓▓▓▓▓▓▓▓▓▓
.................................
▓▓▓▓▓▓▓▓▓▓▓▓▓▓▓▓▓▓▓▓▓▓▓▓▓▓▓▓▓▓▓▓▓
∩.∩.[[[)).)..[...)))))..).)))).))
▓▓▓▓▓▓▓▓▓▓▓▓▓▓▓▓▓▓▓▓▓▓▓▓▓▓▓▓▓▓▓▓▓
...................).............
▓▓▓▓▓▓▓▓▓▓▓▓▓▓▓▓▓▓▓▓▓▓▓▓▓▓▓▓▓▓▓▓▓
.).....'.........'...).....'.....


You could see a fire dragon, a spriggan air mage (repels missiles, ally target)
and a friendly two-headed ogre (summoned, berserk).

Vanquished Creatures
  Josephine (D)
  A hydra (D)
  4 ogre magi (D)
  2 centaur warriors (D)
  2 skeletal warriors (D)
  4 deep trolls (D)
  A lindwurm (D)
  4 orc knights (D)
  A deep elf pyromancer (D)
  An orc sorcerer (D)
  2 cyclopes (D)
  Maurice (D)
  A black mamba (D)
  3 cane toads (D)
  A komodo dragon (D)
  4 trolls (D)
  4 tyrant leeches (D)
  A slime creature (D)
  A shadow (D)
  5 wraiths (D)
  A yak (D)
  A wyvern (D)
  A basilisk (D)
  A water moccasin (D)
  7 orc warriors (D)
  2 wolves (D)
  A necrophage (D)
  3 bullfrogs (D)
  A scorpion (D)
  A killer bee (D)
  A howler monkey (D)
  4 orc priests (D)
  An iguana (D)
  3 orc wizards (D)
  3 worms (D)
  8 orcs (D)
  A bat (D)
  A giant cockroach (D)
  A goblin (D)
  A kobold (D)
  A frilled lizard (D)
88 creatures vanquished.

Vanquished Creatures (collateral kills)
  An ettin (D)
  A hydra (D)
  An ogre mage (D)
  A centaur warrior (D)
  A deep troll (D)
  An orc knight (D)
  An ugly thing (D)
  A cane toad (D)
  A komodo dragon (D)
  A yak (D)
  An orc warrior (D)
  A kobold brigand (D)
  A hell rat (D)
  An adder simulacrum (D)
14 creatures vanquished.

Grand Total: 102 creatures vanquished

Notes
Turn   | Place    | Note
-------+----------+-------------------------------------------
     0 | D        | Zeld the Minotaur Berserker began the quest for the Orb.
     0 | D        | Reached XP level 1. HP: 19/19 MP: 0/0
     5 | D        | Reached skill level 4 in Axes
     7 | D        | Reached ** piety under Trog
    55 | D        | Noticed a scorpion
    55 | D        | Noticed an iguana
    55 | D        | Noticed an orc wizard
    55 | D        | Noticed a necrophage
    62 | D        | Killed a necrophage
    63 | D        | Reached skill level 5 in Fighting
    63 | D        | Reached skill level 6 in Axes
    63 | D        | Reached XP level 2. HP: 29/29 MP: 1/1
    63 | D        | Reached XP level 3. HP: 36/36 MP: 2/2
    63 | D        | Reached XP level 4. HP: 42/42 MP: 3/3
    68 | D        | Reached *** piety under Trog
    69 | D        | Reached skill level 7 in Axes
    69 | D        | Reached skill level 5 in Armour
    73 | D        | Reached skill level 8 in Axes
    73 | D        | Reached skill level 5 in Dodging
    81 | D        | Killed a scorpion
    82 | D        | Reached skill level 9 in Axes
    82 | D        | Reached XP level 5. HP: 28/51 MP: 4/4
    84 | D        | Reached **** piety under Trog
   202 | D        | Found a snail-covered altar of Cheibriados.
   202 | D        | Found a shadowy altar of Dithmenos.
   202 | D        | Found a white marble altar of Elyvilon.
   202 | D        | Found a blossoming altar of Fedhas.
   202 | D        | Found an opulent altar of Gozag.
   203 | D        | Found a hazy altar of Hepliaklqana.
   222 | D        | Found a viscous altar of Jiyva.
   223 | D        | Found an ancient bone altar of Kikubaaqudgha.
   224 | D        | Found a corrupted altar of Lugonu.
   225 | D        | Found a burning altar of Makhleb.
   226 | D        | Found a sparkling altar of Nemelex Xobeh.
   227 | D        | Found an iron altar of Okawaru.
   228 | D        | Found a stormy altar of Qazlal.
   229 | D        | Found a sacrificial altar of Ru.
   230 | D        | Found a shimmering blue altar of Sif Muna.
   231 | D        | Found a bloodstained altar of Trog.
   232 | D        | Found a hide-covered altar of Uskayaw.
   233 | D        | Found a radiant altar of Vehumet.
   234 | D        | Found an ornate altar of the Wu Jian Council.
   235 | D        | Found a shimmering altar of Xom.
   236 | D        | Found a basalt altar of Yredelemnul.
   237 | D        | Found a glowing silver altar of Zin.
   238 | D        | Found a glowing golden altar of the Shining One.
   246 | D        | Found the +7 lajatang of Order {silver, rMut}
   388 | D        | Noticed an orc warrior
   388 | D        | Noticed a wyvern
   388 | D        | Noticed a troll
   388 | D        | Noticed a shadow
   393 | D        | Killed a shadow
   394 | D        | Reached skill level 11 in Axes
   394 | D        | Reached XP level 6. HP: 58/61 MP: 5/5
   399 | D        | Killed a troll
   400 | D        | Reached skill level 12 in Axes
   400 | D        | Reached XP level 7. HP: 23/70 MP: 6/6
   402 | D        | Killed a wyvern
   402 | D        | Reached ***** piety under Trog
   409 | D        | Reached skill level 13 in Axes
   794 | D        | Noticed a centaur warrior
   794 | D        | Noticed a slime creature
   794 | D        | Noticed a skeletal warrior
   794 | D        | Noticed a cyclops
   794 | D        | Noticed a skeletal warrior
   804 | D        | Killed a skeletal warrior
   805 | D        | Reached skill level 14 in Axes
   805 | D        | Reached skill level 10 in Armour
   805 | D        | Reached skill level 10 in Dodging
   805 | D        | Reached XP level 8. HP: 75/82 MP: 7/7
   808 | D        | Killed a cyclops
   819 | D        | Killed a skeletal warrior
   820 | D        | Reached XP level 9. HP: 42/92 MP: 8/8
   954 | D        | Identified the +6 broad axe of Beqaxt {antimagic, *Rage
                  | rCorr Stlth+} (Trog gifted it to you in the Dungeon)
   954 | D        | Received a gift from Trog
   960 | D        | Killed a centaur warrior
  1120 | D        | Noticed a cane toad
  1120 | D        | Noticed a cane toad
  1120 | D        | Noticed a cane toad
  1128 | D        | Killed a cane toad
  1132 | D        | Killed a cane toad
  1134 | D        | Killed a cane toad
  1134 | D        | Identified the +9 executioner's axe of Qoahies {vorpal, rF+
                  | rC++} (Trog gifted it to you in the Dungeon)
  1134 | D        | Received a gift from Trog
  1135 | D        | Reached skill level 15 in Axes
  1135 | D        | Reached XP level 10. HP: 104/104 MP: 3/9
  1260 | D        | Noticed a black mamba
  1262 | D        | Noticed a cane toad
  1266 | D        | Noticed a seven-headed hydra
  1284 | D        | Killed a black mamba
  1285 | D        | Reached skill level 16 in Axes
  1287 | D        | Killed a seven-headed hydra
  1288 | D        | Reached skill level 15 in Fighting
  1288 | D        | Killed a cane toad
  1288 | D        | Received a gift from Trog
  1289 | D        | Reached skill level 15 in Armour
  1290 | D        | Reached skill level 17 in Axes
  1359 | D        | Noticed a lindwurm
  1386 | D        | Killed a lindwurm
  1473 | D        | Received a gift from Trog
  1474 | D        | Reached XP level 11. HP: 114/114 MP: 3/10
  1692 | D        | Noticed Josephine
  1706 | D        | Killed Josephine
  1707 | D        | Reached skill level 18 in Axes
  1899 | D        | Reached ****** piety under Trog
  1899 | D        | Received a gift from Trog
  1979 | D        | Noticed an orc knight
  1979 | D        | Noticed an orc sorcerer
  1984 | D        | Killed an orc sorcerer
  1984 | D        | Received a gift from Trog
  1985 | D        | Reached skill level 15 in Dodging
  1985 | D        | Noticed an orc knight
  1989 | D        | Killed an orc knight
  1990 | D        | Noticed an orc knight
  1994 | D        | Reached skill level 19 in Axes
  1994 | D        | Noticed an orc knight
  2011 | D        | Killed an orc knight
  2057 | D        | Killed an orc knight
  2238 | D        | Killed an orc knight
  2434 | D        | Got Moptyhaff's Folio of Gusts and Necromancy
  2812 | D        | Found Itsogo's Armour Boutique.
  2812 | D        | Noticed a deep troll
  2812 | D        | Noticed a deep troll
  2812 | D        | Noticed an ogre mage
  2812 | D        | Noticed an ogre mage
  2812 | D        | Noticed a deep troll
  2816 | D        | Killed an ogre mage
  2818 | D        | Killed an ogre mage
  2819 | D        | Reached skill level 20 in Axes
  2825 | D        | Killed a deep troll
  2826 | D        | Found Fim Ovi's Magic Scroll Shop.
  2831 | D        | Killed a deep troll
  2834 | D        | Noticed an ogre mage
  2835 | D        | Killed a deep troll
  2836 | D        | Found Lihul's Book Boutique.
  2843 | D        | Noticed a deep troll
  2850 | D        | Killed an ogre mage
  2850 | D        | Received a gift from Trog
  2851 | D        | Reached XP level 12. HP: 91/127 MP: 3/11
  2853 | D        | Reached skill level 21 in Axes
  2900 | D        | Noticed an ogre mage
  2904 | D        | Noticed an ogre mage
  2906 | D        | Killed an ogre mage
  2912 | D        | Killed an ogre mage
  3057 | D        | Found Jill's General Store.
  3060 | D        | Bought the +1 leather armour of the Stars {Harm Fly rF+
                  | Str+3} for 294 gold pieces
  3141 | D        | Bought a scroll of identify for 24 gold pieces
  3141 | D        | Bought a scroll of identify for 24 gold pieces
  3141 | D        | Bought a scroll of fear for 42 gold pieces
  3141 | D        | Bought 2 scrolls of enchant armour for 180 gold pieces
  3141 | D        | Bought a scroll of fear for 42 gold pieces
  3141 | D        | Bought a scroll of identify for 24 gold pieces
  3141 | D        | Bought a scroll of poison for 42 gold pieces
  3141 | D        | Bought a scroll of torment for 90 gold pieces
  3146 | D        | Bought a scroll of identify for 26 gold pieces
  3146 | D        | Bought a potion of curing for 39 gold pieces
  3146 | D        | Bought a potion of resistance for 130 gold pieces
  3146 | D        | Bought a wand of flame (15) for 110 gold pieces
  3212 | D        | Noticed Maurice
  3221 | D        | Killed Maurice
  3221 | D        | Received a gift from Trog
  3264 | D        | Got the +9 giant spiked club of Change {pain, rPois Will+
                  | Str+3 SInv}
  3301 | D        | Noticed a centaur warrior
  3301 | D        | Noticed an eight-headed hydra
  3308 | D        | Reached skill level 22 in Axes
  3308 | D        | Noticed a centaur warrior
  3311 | D        | Noticed an ettin
  3314 | D        | Killed an 11-headed hydra
  3314 | D        | Noticed a spriggan air mage
  3315 | D        | Noticed a fire dragon
  3317 | D        | Killed a centaur warrior
  3319 | D        | Noticed an ettin
  3323 | D        | Killed a centaur warrior
  3332 | D        | Killed an ettin
  3334 | D        | Killed from afar by a spriggan air mage

Illustrated notes

Levels and vault maps discovered:
D:        linesprint [early_d, line_temple, items_1, d_10, items_2, lair_1,
          lair_end, items_3, orc_1, orc_end, items_4, d_15, swamp_1, shoals_1,
          snake_1, spider_1, d_20, vaults_1, items_5, swamp_end, shoals_end,
          snake_end, spider_end, vaults_end, d_27, items_6, zot_1, zot_end,
          crypt_end, forest_end, elf_end, slime_end, tomb_end, abyss_end,
          pan_hell_end]

Skill      XL: |  1  2  3  4  5  6  7  8  9 10 11 12 |
---------------+-------------------------------------+-----
Axes           | 6 9 11 12 14 15 17 20 22 | 22.8
Fighting       | 5 6 8 9 11 12 14 15 17 18 | 18.9
Armour         | 4 6 7 8 10 12 13 15 17 18 | 18.6
Dodging        | 4 5 7 10 11 13 14 16 17 | 17.4

Action                   |  1- 3 |  4- 6 |  7- 9 | 10-12 || total
-------------------------+-------+-------+-------+-------++-------
Melee: Hand axe          |    15 |    29 |    41 |       ||    85
       Headbutt          |     1 |     5 |    14 |    40 ||    60
       Punch             |       |     1 |       |     1 ||     2
       Broad axe         |       |       |    13 |   177 ||   190
       Executioner's axe |       |       |       |    14 ||    14
Invok: Berserk           |     1 |     1 |     3 |     6 ||    11
       Brothers in Arms  |       |       |     1 |    11 ||    12
  Use: Scroll            |       |       |       |     2 ||     2
Armor: Animal skin       |     1 |     7 |       |       ||     8
       Troll leather arm |       |       |     6 |    18 ||    24
       Plate armour      |       |       |       |    22 ||    22
       Leather armour    |       |       |       |     8 ||     8
Dodge: Dodged            |     8 |    14 |    13 |    95 ||   130

Table legend: (Time is in decaauts)
 A = Elapsed time spent in this place.
 B = Non-inter-level travel time spent in this place.
 C = Inter-level travel time spent in this place.
 D = Time resting spent in this place.
 E = Time spent auto-exploring this place.
 F = Levels seen in this place.
 G = Mean time per level.
                   A        B        C        D        E       F      G
               +--------+--------+--------+--------+--------+-----+--------+
         Total |   3399 |   3152 |    247 |   1447 |   1011 |   1 | 3399.0 |
       Dungeon |   3399 |   3152 |    247 |   1447 |   1011 |   1 | 3399.0 |
               +--------+--------+--------+--------+--------+-----+--------+

Top non-repeatable levels by time:
       D: 3399 daAuts
